 Dungeon Crawl Stone Soup version 0.23-a0-696-gf95311e5ea (webtiles) character file.

153 LLavrengius the Changer (level 5, -2/34 HPs)
             Began as an Octopode Transmuter on Jan 12, 2019.
             Killed by divine providence
             ... invoked by an orc priest
              (10 damage)
             ... on level 3 of the Dungeon.
             The game lasted 00:07:48 (3029 turns).

LLavrengius the Changer (Octopode Transmuter)       Turns: 3029, Time: 00:07:49

Health: -2/34      AC:  1    Str: 10    XL:     5   Next: 35%
Magic:  8/8        EV: 13    Int: 16    God:
Gold:   152        SH:  0    Dex: 12    Spells: 2/8 levels left

rFire    . . .     SeeInvis .     - Unarmed
rCold    . . .     Gourm    .   (no shield)
rNeg     . . .     Faith    .   (helmet restricted)
rPois    .         Spirit   .   (no amulet)
rElec    .         Reflect  .   (no ring)
rCorr    .         Harm     .   (no ring)
MR       .....                  (no ring)
Stlth    ++........             (no ring)
HPRegen  0.11/turn              (no ring)
MPRegen  0.11/turn              (no ring)
                                (no ring)
                                (no ring)

@: no status effects
A: almost no armour, stealthy swim, amphibious, 8 rings, constrict 8, camouflage
1, gelatinous body 1
a: no special abilities


You were on level 3 of the Dungeon.
You were not hungry.

You visited 1 branch of the dungeon, and saw 3 of its levels.

You collected 152 gold pieces.

Inventory:

Hand Weapons
 l - a +0 hunting sling
Missiles
 a - 25 arrows
 m - 16 sling bullets
 n - 112 stones (quivered)
Jewellery
 f - a +2 ring of strength {unknown}
Scrolls
 d - 5 scrolls of remove curse {unknown}
 e - 6 scrolls of teleportation {unknown}
 g - 3 scrolls of magic mapping {unknown}
 h - 2 scrolls of immolation {unknown}
 i - 9 scrolls of identify {unknown}
 q - a scroll of enchant weapon {unknown}
 t - a scroll of enchant armour {unknown}
Potions
 j - a potion of brilliance {unknown}
 k - a potion of magic {unknown}
 o - a potion of degeneration {unknown}
 p - a potion of cancellation
 s - a potion of agility {unknown}
Comestibles
 b - 6 chunks of flesh
 c - 6 rations


   Skills:
 + Level 1.9 Fighting
 - Level 2.0 Dodging
 - Level 3.0 Unarmed Combat
 - Level 2.0 Spellcasting
 + Level 4.9 Transmutations
 + Level 1.2 Poison Magic


You had 2 spell levels left.
You knew the following spells:

 Your Spells              Type           Power        Failure   Level  Hunger
a - Beastly Appendage     Tmut           ###...       2%          1    #......
b - Sticks to Snakes      Tmut           ###.....     4%          2    ###....
c - Spider Form           Tmut/Pois      ##........   19%         3    ###....

Your spell library contained the following spells:

 Spells                   Type           Power        Failure   Level  Hunger
 Ice Form                 Ice/Tmut       #.......     58%         4    #####..
 Blade Hands              Tmut           ###.......   61%         5    ######.


Dungeon Overview and Level Annotations

Branches:
Dungeon (3/15)

Altars:


Innate Abilities, Weirdness & Mutations

You cannot wear most types of armour.
You are very stealthy in the water. (Stealth+)
You are amphibious.
You can wear up to eight rings at the same time.
You can use your tentacles to constrict eight enemies at once.
Your skin changes colour to match your surroundings (Stealth+).
Your rubbery body absorbs attacks. (AC +1, EV +1)


Message History

You tentacle-slap the orc priest. Your grab misses the orc priest.
The orc priest is heavily wounded.
The orc priest misses you. The orc misses you.
You tentacle-slap the orc priest but do no damage.
Your grab misses the orc priest.
The orc priest is heavily wounded.
The orc priest looks braver for a moment.
The orc hits you with a +0 hand axe.
* * * LOW HITPOINT WARNING * * *
You closely miss the orc priest. You grab the orc priest.
The orc priest is heavily wounded.
You constrict the orc priest, but do no damage.
The orc priest completely misses you. The orc hits you with a +0 hand axe.
* * * LOW HITPOINT WARNING * * *
You tentacle-slap the orc priest but do no damage.
The orc priest is heavily wounded.
You constrict the orc priest.
The orc priest calls down the wrath of Beogh upon you.
Beogh smites you!
You die...

############ ...........#
.......[..$#
...........###### #######
......o....#.... ......#
...)..o@......# ......##
.......†......# .......#
.......?(.....# .......#
.........)....# # .......#
............(##.#
.......#####.###.#.#.....#
#...###.# #.....#.#..####
#...# #.####..##.#....###
#...#
#....#........#...###


You could see an orc priest and an orc.

Vanquished Creatures
  Jessica (D:3)
  4 adders
  A worm (D:3)
  2 dart slugs (D:1)
  4 leopard geckos
  8 orcs (D:3)
  9 bats
  3 giant cockroaches
  8 goblins
  6 hobgoblins
  3 quokkas (D:3)
  7 frilled lizards
  7 kobolds
  10 rats
73 creatures vanquished.

Notes
Turn   | Place    | Note
-------+----------+-------------------------------------------
     0 | D:1      | LLavrengius the Octopode Transmuter began the quest for the
                  | Orb.
     0 | D:1      | Reached XP level 1. HP: 13/13 MP: 3/3
    70 | D:1      | Reached XP level 2. HP: 17/18 MP: 5/5
   176 | D:1      | Reached skill level 3 in Transmutations
   558 | D:1      | Reached XP level 3. HP: 22/23 MP: 6/6
   774 | D:1      | Learned a level 2 spell: Sticks to Snakes
   964 | D:2      | Learned a level 3 spell: Spider Form
  1174 | D:2      | Reached skill level 4 in Transmutations
  1301 | D:2      | Reached XP level 4. HP: 27/28 MP: 7/7
  2627 | D:3      | Noticed Jessica
  2646 | D:3      | Killed Jessica
  2646 | D:3      | Reached XP level 5. HP: 15/34 MP: 8/8
  2833 | D:3      | Reached skill level 1 in Poison Magic
  3029 | D:3      | Killed from afar by an orc priest

Vault maps used:
D:1:      dpeg_arrival_arbitrary_c
D:2:      minmay_inner_zag, serial_glass, glass_columns_b, glass_columns_a,
          st_stairs_10
D:3:      dk_noncrumbling_4, uniq_grinder, uniq_jessica

Skill      XL: |  1  2  3  4  5 |
---------------+----------------+-----
Transmutations | 3 4 |  4.9
Poison Magic   | 1 |  1.2
Fighting       | |  1.9
Dodging        | |  2.0
Unarmed Combat | |  3.0
Spellcasting   | |  2.0

Action                   |  1- 3 |  4- 6 || total
-------------------------+-------+-------++-------
Melee: Unarmed           |    67 |   108 ||   175
       Constrict         |    19 |    23 ||    42
       Tentacles         |    13 |    11 ||    24
       Punch             |     2 |     1 ||     3
 Cast: Beastly Appendage |       |     1 ||     1
  Use: Potion            |       |     3 ||     3
 Stab: Sleeping          |     5 |    12 ||    17
  Eat: Chunk             |     1 |     6 ||     7
Armor: Skin              |     2 |    10 ||    12
Dodge: Dodged            |    40 |    58 ||    98

Table legend:
 A = Non-vault XP
 B = Vault XP
 C = Vault XP percentage of total XP
 D = Non-vault monster count
 E = Vault monster count
 F = Vault count percentage of total count
                 A         B        C        D         E       F
            +---------+---------+-------+---------+---------+-------
      Total |     168 |      51 |  23.3 |      64 |       9 |  12.3
            +---------+---------+-------+---------+---------+-------
        D:1 |      38 |       0 |   0.0 |      22 |       0 |   0.0
        D:2 |      48 |      14 |  22.6 |      15 |       8 |  34.8
        D:3 |      82 |      37 |  31.1 |      27 |       1 |   3.6
            +---------+---------+-------+---------+---------+-------
